 Dungeon Crawl Stone Soup version 0.21-a0-504-g2eda330 (webtiles) character file.

94353 theanonym the Severer (level 15, -3/131 HPs)
             Began as a Minotaur Chaos Knight on Nov 26, 2017.
             Slain by an orc sorcerer
             ... wielding a +0 dagger
              (4 damage)
             ... while paralysed by an orc sorcerer
             ... on level 2 of the Orcish Mines.
             The game lasted 00:52:29 (19818 turns).

theanonym the Severer (Minotaur Chaos Knight)      Turns: 19818, Time: 00:52:30

Health: -3/131     AC: -4    Str: 22 (23) XL:     15   Next: 63%
Magic:  14/14      EV:  2    Int:  7      God:    Xom [..*...]
Gold:   2176       SH:  0    Dex: 20      Spells: 2/14 levels left

rFire    + . .     SeeInvis +   a - +6 broad axe of Foolhardiness {drain, Str+3 Int-2 Dex+2 Stlth+}
rCold    . . .     Gourm    .   e - +0 shield
rNeg     . . .     Faith    .   u - +9 chain mail "Numa" {Dex+2}
rPois    .         Spirit   .   (helmet unavailable)
rElec    +         Reflect  .   (no cloak)
rCorr    .         Harm     .   (no gloves)
MR       +....                  C - +0 pair of boots
Stlth    ..........             o - amulet of regeneration {+regen}
HPRegen  0.71/turn              v - +5 ring of dexterity
MPRegen  0.14/turn              m - ring of see invisible {sInv}

@: paralysed, corroded, drained
A: retaliatory headbutt, hooves 1, horns 3, large bone plates 1, blink,
deterioration 1, fire resistance 1, frail 1, electricity resistance, weak 1,
wild magic 1, evolution 1
a: Blink, Renounce Religion


Innate Abilities, Weirdness & Mutations

You reflexively headbutt those who attack you in melee.
You have a pair of large horns on your head.
You have large cloven feet.
You are partially covered in large bone plates. (SH +4)
You can translocate small distances at will.
Your body sometimes deteriorates upon taking damage.
Your flesh is heat resistant. (rF+)
You are frail. (-10% HP)
You are resistant to electric shocks. (rElec)
You are weak. (Str -2)
Your spells are a little harder to cast, but a little more powerful.
You evolve.


   Skills:
 + Level 16.8(16.1) Fighting
 - Level 18.0(17.3) Axes
 + Level 12.9(12.3) Armour
 + Level 11.9(11.3) Dodging
 + Level 12.7(12.1) Shields


You had 2 spell levels left.
You knew the following spells:

 Your Spells              Type           Power        Failure   Level  Hunger
a - Apportation           Tloc           #.....       99%         1    ##.....
b - Control Undead        Necr           #.........   100%        4    #####..
c - Passwall              Tmut/Erth      #.........   100%        2    ###....
r - Regeneration          Chrm/Necr      #.........   100%        3    ####...
s - Swiftness             Chrm/Air       #.......     100%        2    ###....

Skill      XL: |  1  2  3  4  5  6  7  8  9 10 11 12 13 14 15 |
---------------+----------------------------------------------+-----
Axes           | 4 5 6 7 8 9 11 12 15 16 18 | 18.0
Fighting       | 4 6 9 10 12 13 14 16 | 16.8
Armour         | 4 7 10 11 12 | 12.9
Shields        | 3 6 9 11 12 | 12.7
Dodging        | 3 6 9 10 11 | 11.9

Action                   |  1- 3 |  4- 6 |  7- 9 | 10-12 | 13-15 || total
-------------------------+-------+-------+-------+-------+-------++-------
Melee: Hand axe          |    86 |   147 |   137 |       |       ||   370
       Headbutt          |    13 |    26 |    86 |   132 |   245 ||   502
       War axe           |       |       |   139 |       |    23 ||   162
       Broad axe         |       |       |    64 |   481 |   851 ||  1396
Throw: Tomahawk          |       |       |       |       |     1 ||     1
Evoke: Wand              |       |       |       |       |     1 ||     1
  Use: Scroll            |       |     6 |    11 |     6 |     5 ||    28
       Potion            |       |     1 |     8 |     4 |     6 ||    19
 Stab: Paralysed         |       |       |     1 |       |       ||     1
       Invisible         |       |       |     4 |       |     4 ||     8
       Petrifying        |       |       |     1 |       |       ||     1
       Confused          |       |       |     4 |     7 |     2 ||    13
       Distracted        |       |       |       |     2 |     2 ||     4
  Eat: Chunk             |       |     6 |     2 |    21 |    15 ||    44
       Bread ration      |       |       |     1 |       |     3 ||     4
       Meat ration       |       |       |     1 |       |       ||     1
Armor: Leather armour    |    32 |     3 |       |       |       ||    35
       Plate armour      |       |    94 |    50 |       |     3 ||   147
       Chain mail        |       |       |   110 |   177 |   206 ||   493
Dodge: Dodged            |    47 |    42 |    39 |    87 |   273 ||   488
Block: Shield            |       |    10 |    91 |   285 |   570 ||   956

Inventory:

Hand Weapons
 a - the +6 broad axe of Foolhardiness (weapon) {drain, Str+3 Int-2 Dex+2 Stlth+}
   (You acquired it on level 6 of the Dungeon)

   A truly terrible weapon, it drains the life of those it strikes.
   It affects your strength (+3).
   It affects your intelligence (-2).
   It affects your dexterity (+2).
   It makes you more stealthy.
 p - a +1 war axe of flaming
   (You took it off an orc on level 6 of the Dungeon)
Missiles
 A - 29 tomahawks (quivered)
 V - a throwing net
Armour
 e - a +0 shield (worn)
   (You found it on level 4 of the Dungeon)
 j - a +0 hat of magic resistance {god gift}
   (Xom gifted it to you on level 4 of the Dungeon)
 u - the +9 chain mail "Numa" (worn) {Dex+2}
   (You found it on level 6 of the Dungeon)

   It affects your dexterity (+2).
 C - a +0 pair of boots (worn)
   (You found it on level 9 of the Dungeon)
 R - a +3 plate armour of fire resistance
   (You found it in a volcano)
Jewellery
 m - a ring of see invisible (right hand) {sInv}
   (You found it on level 1 of the Dungeon)
 o - an amulet of regeneration (around neck) {+regen}
   (You found it on level 2 of the Dungeon)
 v - a +5 ring of dexterity (left hand)
   (You found it on level 3 of the Dungeon)
 G - an uncursed ring of poison resistance {rPois}
   (You bought it in a shop on level 1 of the Orcish Mines)
 S - the ring of Semor {Fire rPois}
   (You took it off a red devil on level 6 of the Lair of Beasts)

   [ring of fire]

   It enhances your fire magic.
   It protects you from fire.
   It makes you vulnerable to cold.
   It protects you from poison.
Wands
 d - a wand of digging (14)
   (You found it on level 4 of the Lair of Beasts)
 l - a wand of paralysis (48)
   (You found it on level 5 of the Dungeon)
 s - a wand of enslavement (26)
   (You found it on level 2 of the Dungeon)
 x - a wand of disintegration (33)
   (You found it on level 9 of the Dungeon)
 Q - a wand of iceblast (11)
   (You found it on level 6 of the Lair of Beasts)
Scrolls
 f - a scroll of fog {god gift, !r}
 g - 6 scrolls of enchant armour
 h - 14 scrolls of remove curse
 i - 8 scrolls of enchant weapon
 r - 7 scrolls of identify
 t - 16 scrolls of teleportation {!r}
 y - a scroll of magic mapping {!r}
 z - a scroll of brand weapon {!r}
 K - 5 scrolls of amnesia
 P - 3 scrolls of fear {!r}
 U - a scroll of immolation
Potions
 k - 3 potions of mutation
 n - 11 potions of curing
 q - 2 potions of heal wounds
 B - 2 potions of flight
 D - 2 potions of berserk rage {!q}
 E - 4 potions of ambrosia
 I - a potion of lignification
 J - 2 potions of resistance
 L - a potion of invisibility
 N - a potion of cancellation
 Y - a potion of might
Miscellaneous
 H - a phantom mirror
 T - a box of beasts
 X - a phial of floods {god gift}
   (Xom gifted it to you on level 15 of the Dungeon)
Comestibles
 b - 9 royal jellies
 c - 12 chunks of flesh
 w - 19 meat rations {god gift}

Dungeon Overview and Level Annotations

Branches:
Dungeon (15/15)            Temple (0/1) D:6            Lair (6/6) D:11
  Swamp (0/4) Lair:3       Spider (0/4) Lair:3        Slime (0/5) Lair:5
    Orc (2/2) D:9          Vaults (0/5) D:13         Depths (0/5) D:15
    Elf: Orc:2

Altars:
Dithmenos
Kikubaaqudgha
Makhleb
Sif Muna
Trog
Xom
Zin
The Shining One
Jiyva

Shops:
D:10 *   D:11 (   Orc:1 *??   Orc:2 =

Portals:
Hell: Lair:6

Annotations:
Lair:3 exclusion: oklob plant
Lair:4 exclusion: oklob plant


You were on level 2 of the Orcish Mines.
You worshipped Xom.
You were a toy of Xom.
You were not hungry.

You visited 3 branches of the dungeon, and saw 23 of its levels.
You also visited: Ossuary and Volcano.

You collected 2516 gold pieces.
You spent 340 gold pieces at shops.


Message History

Things that are here:
a great sword; a plate armour; a glaive An orc sorcerer is nearby!
An orc sorcerer is nearby!
An orc sorcerer is nearby!
An orc sorcerer is nearby!
The orc sorcerer shouts!
You hear a shout! x2
The orc sorcerer casts a spell.
An orc knight comes into view. It is wielding a broad axe.
The orc knight shouts!
The orc knight unwields an uncursed broad axe.
The orc knight wields an arbalest.
The orc knight shoots a bolt.
You block the bolt. The orc sorcerer casts a spell at you.
The bolt of negative energy hits you!
You feel drained.
An orc priest comes into view.
You see here a bolt.
You take 10 damage, and have 117/131 hp.
The orc knight shoots a bolt.
You block the bolt.
An orc priest comes into view. It is wielding a mace.
The orc priest shouts!
You see here a bolt.
Your chain mail "Numa" prevents you from hitting the rust devil.
You hit the orc sorcerer.
Xom asks Qazlal to spice things up a little.
You are now a toy of Xom.
The orc knight shoots a bolt.
You block the bolt. The orc sorcerer closely misses you.
You barely miss the orc sorcerer. You headbutt the orc sorcerer!
You hit the rust devil but do no damage.
The rust devil hits you. The rust devil corrodes you!
You hit the orc sorcerer but do no damage.
Your headbutt misses the orc sorcerer. You barely miss the rust devil.
The orc sorcerer hits you with a dagger.
The orc priest looks satisfied for a moment.
The rust devil hits you. The rust devil corrodes you!
You take 1 damage, and have 118/131 hp.
You closely miss the orc sorcerer.
You hit the rust devil but do no damage.
You slash the orc priest! You drain the orc priest!
You block the orc sorcerer's attack. You block the rust devil's attack.
The orc knight shoots a bolt.
The bolt hits you.
You take 3 damage, and have 115/131 hp.
You slash the orc sorcerer! Your headbutt misses the orc sorcerer.
You hit the rust devil.
You hit the orc priest but do no damage.
You block the orc priest's attack.
The orc sorcerer points at you and mumbles some strange words.
You suddenly lose the ability to move!
An orc warrior comes into view. It is wielding a war axe.
Xom makes a sudden noise!
You hear someone calling for help!
The rust devil hits you. The rust devil corrodes you!
The orc priest calls down the wrath of Beogh upon you.
Beogh smites you!
Xom is interested.
Your body deteriorates!
You feel weakened.
The orc knight roars a battlecry!
The orcs go into a battle-frenzy!
The orc priest hits you but does no damage.
The orc sorcerer points at you and mumbles some strange words.
The bolt of fire misses you. The rust devil hits you.
The rust devil corrodes you!
The orc knight shoots a bolt.
The bolt hits you!!
The orc priest calls down the wrath of Beogh upon you.
You resist with significant effort.
The orc sorcerer hits you but does no damage.
The rust devil hits you. The rust devil corrodes you!
The orc warrior throws a tomahawk.
The tomahawk hits you!
The orc priest calls down the wrath of Beogh upon you.
You resist with significant effort. The orc sorcerer completely misses you.
The orc knight shoots a bolt.
The bolt hits you!
* * * LOW HITPOINT WARNING * * *
An orc warrior comes into view. It is wielding a flail.
The rust devil hits you.
* * * LOW HITPOINT WARNING * * *
The rust devil corrodes you! The orc priest hits you.
* * * LOW HITPOINT WARNING * * *
The orc sorcerer hits you with a dagger.
* * * LOW HITPOINT WARNING * * *
The orc priest hits you with a mace!
* * * LOW HITPOINT WARNING * * *
The rust devil hits you!
* * * LOW HITPOINT WARNING * * *
The rust devil corrodes you!
The orc priest calls down the wrath of Beogh upon you.
Beogh smites you!
* * * LOW HITPOINT WARNING * * *
Xom is mildly amused.
The rust devil hits you.
* * * LOW HITPOINT WARNING * * *
The rust devil corrodes you!
The orc warrior throws a tomahawk.
The tomahawk hits you!
* * * LOW HITPOINT WARNING * * *
Xom roars with laughter!
The orc priest mumbles some strange prayers to Beogh against you.
You resist with significant effort. The orc priest hits you.
* * * LOW HITPOINT WARNING * * *
The orc sorcerer hits you with a dagger.
You die...
Xom guffaws!

## .. ### .##.##
.∩##
#.....##...##
.....§4o##..#
......§@§§..# o
.....ooo§#..#
.....oo§##))##
.......##))))#
..#.#.....)#)# .
#.#.....##.#
#.#...###..#
#.######..##
...####o####...##


You could see an orc knight, a rust devil, an orc sorcerer, 2 orc warriors and 2
orc priests.

Notes
Turn   | Place    | Note
-------+----------+-------------------------------------------
     0 | D:1      | theanonym the Minotaur Chaos Knight began the quest for the Orb.
     0 | D:1      | Reached XP level 1. HP: 19/19 MP: 0/0
    80 | D:1      | Reached skill level 4 in Axes
   137 | D:1      | Reached XP level 2. HP: 26/26 MP: 1/1
   269 | D:1      | Reached skill level 5 in Axes
   286 | D:1      | Reached XP level 3. HP: 31/31 MP: 2/2
   420 | D:1      | XOM: divination: detect creatures
   459 | D:1      | XOM: divination: detect items
   891 | D:2      | Found a faded altar of an unknown god.
   952 | D:2      | Reached skill level 6 in Axes
   952 | D:2      | Reached XP level 4. HP: 36/39 MP: 3/3
  1629 | D:3      | Noticed a centaur
  1630 | D:3      | XOM: harmless Air miscast
  1636 | D:3      | XOM: divination: detect creatures
  1644 | D:3      | HP: 16/39 [centaur (4)]
  1647 | D:3      | Killed a centaur
  1647 | D:3      | Reached skill level 7 in Axes
  1647 | D:3      | Reached XP level 5. HP: 18/45 MP: 4/4
  1754 | D:3      | XOM: harmless Summ miscast
  1980 | D:3      | Found a shadowy altar of Dithmenos.
  1980 | D:3      | Found an ancient bone altar of Kikubaaqudgha.
  2050 | D:4      | Noticed a centaur
  2052 | D:4      | XOM: potion effect (curing)
  2055 | D:4      | HP: 21/45 [centaur/arrow (11)]
  2059 | D:4      | Killed a centaur
  2059 | D:4      | Reached skill level 8 in Axes
  2059 | D:4      | Reached XP level 6. HP: 18/51 MP: 5/5
  2207 | D:4      | Noticed Robin
  2210 | D:4      | Noticed Natasha
  2213 | D:4      | Noticed Blork the orc
  2215 | D:4      | XOM: divination: magic mapping
  2326 | D:4      | XOM: divination: detect creatures
  2329 | D:4      | Killed Robin
  2422 | D:4      | HP: 22/51 [Blork the orc/glaive (12)]
  2425 | D:4      | Killed Blork the orc
  2543 | D:4      | XOM: harmless Erth miscast
  2617 | D:4      | Reached skill level 9 in Axes
  2632 | D:4      | Killed Natasha
  2648 | D:4      | Noticed Natasha
  2648 | D:4      | XOM: mild Hex miscast
  2657 | D:4      | Killed Natasha
  2801 | D:4      | Noticed Natasha
  2806 | D:4      | XOM: confuse monster(s)
  2836 | D:4      | Killed Natasha
  2836 | D:4      | Reached XP level 7. HP: 43/57 MP: 6/6
  3052 | D:4      | Reached skill level 10 in Axes
  3329 | D:4      | Noticed Menkaure
  3339 | D:4      | Killed Menkaure
  3339 | D:4      | Reached skill level 4 in Fighting
  3382 | D:4      | XOM: god gift: runed hat {god gift}
  3559 | D:5      | Entered Level 5 of the Dungeon
  3625 | D:5      | XOM: scenery: 1 doors open
  3696 | D:5      | Found a glowing silver altar of Zin.
  3699 | D:5      | Noticed an angel
  3709 | D:5      | Found a shimmering altar of Xom.
  3712 | D:5      | XOM: divination: detect creatures
  3772 | D:5      | XOM: give mutations
  3772 | D:5      | Gained mutation: You are partially covered in iridescent scales. (AC +2) [Xom's grace]
  3772 | D:5      | Gained mutation: You have a pair of large horns on your head. [Xom's grace]
  3772 | D:5      | Gained mutation: You are robust. (+10% HP) [Xom's grace]
  3963 | D:5      | XOM: cleaving
  3965 | D:5      | XOM: polymorph dart slug -> giant cockroach
  3967 | D:5      | Reached skill level 11 in Axes
  3968 | D:5      | Reached XP level 8. HP: 58/73 MP: 7/7
  4001 | D:5      | XOM: polymorph shadow imp -> ufetubus
  4099 | D:5      | XOM: confuse monster(s)
  4284 | D:6      | Reached skill level 5 in Fighting
  4366 | D:6      | XOM: summons 3 friendly demons
  4370 | D:6      | Got a heavily runed chain mail
  4375 | D:6      | XOM: divination: detect items
  4390 | D:6      | Identified the +9 chain mail "Numa" {Dex+2} (You found it on level 6 of the Dungeon)
  4461 | D:6      | Reached skill level 6 in Fighting
  4461 | D:6      | Reached skill level 12 in Axes
  4477 | D:6      | Found a staircase to the Ecumenical Temple.
  4501 | D:6      | XOM: potion effect (invisibility)
  4586 | D:6      | Found a sand-covered staircase.
  4667 | Ossuary  | Entered an ossuary
  4726 | Ossuary  | Reached XP level 9. HP: 85/85 MP: 8/8
  4750 | Ossuary  | Reached skill level 7 in Fighting
  4765 | Ossuary  | XOM: summons 3 friendly demons
  4795 | Ossuary  | Reached skill level 13 in Axes
  4804 | Ossuary  | XOM: scenery: 7 doors close
  4958 | Ossuary  | XOM: god gift: scroll labeled WUSEOG XAMA {god gift}
  5093 | D:6      | XOM: 7-stop teleportation journey
  5100 | D:6      | Found a bloodstained altar of Trog.
  5100 | D:6      | Found a glowing golden altar of the Shining One.
  5269 | D:6      | XOM: confuse monster(s)
  5353 | D:6      | Identified a scroll of acquirement {god gift}
  5354 | D:6      | Got an iridescent broad axe
  5355 | D:6      | Identified the +6 broad axe of Foolhardiness {drain, Str+3 Int-2 Dex+2 Stlth+} (You acquired it on level 6 of the Dungeon)
  5470 | D:7      | Found a shimmering altar of Xom.
  5511 | D:7      | XOM: god gift: 7 meat rations {god gift}
  5528 | D:7      | Reached skill level 8 in Fighting
  5565 | D:7      | XOM: god gift: potion of curing {god gift}
  5642 | D:7      | XOM: cast spell 'Ring of Flames'
  5649 | D:7      | Reached skill level 14 in Axes
  5719 | D:7      | Lost mutation: You are partially covered in iridescent scales. (AC +2) [potion of mutation]
  5719 | D:7      | Lost mutation: You are robust. (+10% HP) [potion of mutation]
  5719 | D:7      | Gained mutation: Armour fits poorly on your strangely shaped body. [potion of mutation]
  5719 | D:7      | Gained mutation: You are partially covered in large bone plates. (SH +4) [potion of mutation]
  5735 | D:7      | XOM: scenery: 1 doors close
  5768 | D:7      | XOM: confuse monster(s)
  5910 | D:8      | XOM: destruction
  5914 | D:8      | Reached skill level 9 in Fighting
  6008 | D:8      | Noticed Erica
  6009 | D:8      | XOM: smoke on damage
  6018 | D:8      | Killed Erica
  6018 | D:8      | Reached skill level 15 in Axes
  6018 | D:8      | Reached XP level 10. HP: 56/91 MP: 9/9
  6052 | D:8      | XOM: give mutations
  6052 | D:8      | Gained mutation: You are dopey. (Int -2) [Xom's mischief]
  6052 | D:8      | Lost mutation: You have a pair of large horns on your head. [Xom's mischief]
  6052 | D:8      | Gained mutation: You are weak. (Str -2) [Xom's mischief]
  6232 | D:8      | XOM: god gift: royal jelly {god gift}
  6239 | D:8      | XOM: scenery: create altars
  6245 | D:8      | XOM: noise
  6412 | D:8      | XOM: mild Necr miscast
  6851 | D:8      | XOM: summons 1 hostile demon
  7077 | D:9      | Reached skill level 10 in Fighting
  7100 | D:9      | Noticed an unseen horror
  7102 | D:9      | Noticed a deep elf mage
  7103 | D:9      | XOM: blink monster(s)
  7110 | D:9      | XOM: blink monster(s)
  7111 | D:9      | XOM: scenery: create altars
  7118 | D:9      | Killed an unseen horror
  7125 | D:9      | Killed a deep elf mage
  7125 | D:9      | Reached skill level 16 in Axes
  7170 | D:9      | XOM: give mutations
  7170 | D:9      | Gained mutation: You are very weak. (Str -4) [Xom's mischief]
  7170 | D:9      | Lost mutation: You are very weak. (Str -4) [Xom's mischief]
  7183 | D:9      | XOM: god gift: scroll of fog {god gift}
  7260 | D:9      | Noticed kal9871's ghost (novice CeHu)
  7267 | D:9      | XOM: fake destruction
  7273 | D:9      | Killed kal9871's ghost
  7276 | D:9      | Found a deep blue altar of Sif Muna.
  7413 | D:9      | XOM: god gift: scroll of teleportation {god gift}
  7430 | D:9      | Reached XP level 11. HP: 101/101 MP: 10/10
  7562 | D:9      | Found a staircase to the Orcish Mines.
  7582 | D:9      | XOM: divination: detect items
  7594 | D:9      | XOM: 1-stop teleportation journey
  7644 | Orc:1    | Entered Level 1 of the Orcish Mines
  7647 | Orc:1    | Noticed an orc sorcerer
  7656 | Orc:1    | Reached skill level 11 in Fighting
  7658 | Orc:1    | Killed an orc sorcerer
  7752 | Orc:1    | Found Nufe Uwa's Magic Scroll Boutique.
  7767 | Orc:1    | Found Her Ytee's General Store.
  7768 | Orc:1    | Bought a scroll of identify for 30 gold pieces
  7768 | Orc:1    | Bought a scroll of identify for 30 gold pieces
  7775 | Orc:1    | Bought an uncursed ring of poison resistance for 280 gold pieces
  7804 | Orc:1    | Found Alocretac's Magic Scroll Shoppe.
  7914 | D:10     | Entered Level 10 of the Dungeon
  7962 | D:10     | HP: 45/102 [large slime creature (26)]
  7965 | D:10     | Reached skill level 17 in Axes
  8010 | D:10     | XOM: give mutations
  8010 | D:10     | Gained mutation: Your movements are slightly less encumbered by armour. (ER -2) [Xom's grace]
  8010 | D:10     | Lost mutation: You are dopey. (Int -2) [Xom's grace]
  8013 | D:10     | Gained mutation: Scrolls take you a little longer to read. [mutagenic meat]
  8014 | D:10     | Gained mutation: You are partially covered in yellow scales. (AC +2) [mutagenic meat]
  8015 | D:10     | Gained mutation: Your spells are a little harder to cast, but a little more powerful. [mutagenic meat]
  8016 | D:10     | Gained mutation: Your body sometimes deteriorates upon taking damage. [mutagenic meat]
  8134 | D:10     | Noticed a brown ugly thing
  8134 | D:10     | XOM: potion effect (heal wounds)
  8136 | D:10     | XOM: scenery: create altars
  8145 | D:10     | Killed a brown ugly thing
  8192 | D:10     | XOM: summons friendly crimson imp
  8246 | D:10     | XOM: divination: magic mapping
  8267 | D:10     | Noticed a two-headed ogre
  8276 | D:10     | Reached skill level 12 in Fighting
  8278 | D:10     | Killed a two-headed ogre
  8281 | D:10     | Reached skill level 18 in Axes
  8325 | D:10     | XOM: divination: detect items
  8330 | D:10     | XOM: confusion (+ monsters)
  8344 | D:10     | Reached skill level 3 in Armour
  8344 | D:10     | Reached skill level 1 in Shields
  8533 | D:10     | Reached skill level 2 in Dodging
  8690 | D:10     | Found Jonnoq's General Store.
  8726 | D:10     | XOM: harmless Necr miscast
  8839 | D:11     | Reached skill level 2 in Shields
  8840 | D:11     | XOM: confuse monster(s)
  8845 | D:11     | Noticed a two-headed ogre
  8854 | D:11     | Killed a two-headed ogre
  8854 | D:11     | Reached skill level 4 in Armour
  8854 | D:11     | Reached skill level 3 in Dodging
  8854 | D:11     | Reached skill level 3 in Shields
  8854 | D:11     | Reached XP level 12. HP: 105/113 MP: 11/11
  8875 | D:11     | Reached skill level 4 in Dodging
  8875 | D:11     | Reached skill level 4 in Shields
  8876 | D:11     | Found a staircase to the Lair.
  8882 | D:11     | Reached skill level 5 in Armour
  9033 | D:11     | Lost mutation: Your body sometimes deteriorates upon taking damage. [potion of mutation]
  9033 | D:11     | Lost mutation: Armour fits poorly on your strangely shaped body. [potion of mutation]
  9033 | D:11     | Gained mutation: Your spells are harder to cast, but more powerful. [potion of mutation]
  9033 | D:11     | Gained mutation: You are agile. (Dex +2) [potion of mutation]
  9109 | D:11     | Learned a level 1 spell: Apportation
  9170 | D:11     | XOM: blink monster(s)
  9221 | D:11     | XOM: medium Tmut miscast
  9241 | D:11     | XOM: 1-stop teleportation journey
  9419 | D:11     | Found Birecvof's Antique Weapon Boutique.
  9516 | Lair:1   | Entered Level 1 of the Lair of Beasts
  9568 | Lair:1   | XOM: summons friendly ufetubus
  9572 | Lair:1   | Reached skill level 13 in Fighting
  9648 | Lair:1   | Noticed Nergalle
  9659 | Lair:1   | Reached skill level 5 in Shields
  9662 | Lair:1   | Killed Nergalle
  9662 | Lair:1   | Reached skill level 5 in Dodging
  9663 | Lair:1   | Reached skill level 6 in Armour
  9929 | Lair:1   | XOM: scenery: create altars
 10137 | Lair:2   | XOM: divination: detect creatures
 10152 | Lair:2   | XOM: summons 6 friendly demons
 10160 | Lair:2   | XOM: cloud trail
 10262 | Lair:2   | XOM: scenery: 3 fountains blood, 1 doors open
 10288 | Lair:2   | XOM: give mutation
 10288 | Lair:2   | Gained mutation: You are very weak. (Str -4) [Xom's mischief]
 10319 | Lair:2   | Reached skill level 6 in Shields
 10333 | Lair:2   | HP: 40/115 [wolf/exploding inner flame[the player character] (27)]
 10333 | Lair:2   | HP: 17/115 [cloud of flame (7)]
 10336 | Lair:2   | HP: 5/115 [cloud of flame (13)]
 10647 | Lair:2   | XOM: summons 4 hostile shadow creatures
 10655 | Lair:2   | XOM: summons friendly ufetubus
 10661 | Lair:2   | Reached skill level 6 in Dodging
 10662 | Lair:2   | Reached skill level 7 in Armour
 10802 | Lair:2   | XOM: harmless Tloc miscast
 10890 | Lair:2   | XOM: 4-stop teleportation journey
 10905 | Lair:2   | XOM: harmless Fire miscast
 11102 | Lair:2   | XOM: polymorph yak -> jumping spider
 11108 | Lair:2   | Reached XP level 13. HP: 123/123 MP: 12/12
 11115 | Lair:2   | Reached skill level 7 in Shields
 11224 | Lair:2   | XOM: give mutations
 11224 | Lair:2   | Lost mutation: You are agile. (Dex +2) [Xom's mischief]
 11224 | Lair:2   | Gained mutation: Your body sometimes deteriorates upon taking damage. [Xom's mischief]
 11224 | Lair:2   | Gained mutation: You are resistant to hostile enchantments. (MR+) [Xom's mischief]
 11224 | Lair:2   | Gained mutation: Your magical capacity is low. (-10% MP) [Xom's mischief]
 11336 | Lair:3   | Lost mutation: Your magical capacity is low. (-10% MP) [potion of mutation]
 11336 | Lair:3   | Lost mutation: Your body sometimes deteriorates upon taking damage. [potion of mutation]
 11336 | Lair:3   | Lost mutation: Your spells are harder to cast, but more powerful. [potion of mutation]
 11336 | Lair:3   | Lost mutation: You are resistant to hostile enchantments. (MR+) [potion of mutation]
 11336 | Lair:3   | Gained mutation: Your spells are harder to cast, but more powerful. [potion of mutation]
 11405 | Lair:3   | Found a staircase to the Swamp.
 11433 | Lair:3   | XOM: mild Conj miscast
 11580 | Lair:3   | XOM: cloud trail
 11646 | Lair:3   | Reached skill level 8 in Armour
 11646 | Lair:3   | Reached skill level 7 in Dodging
 11667 | Lair:3   | Reached skill level 14 in Fighting
 11715 | Lair:3   | XOM: cloud trail
 11739 | Lair:3   | Found a hole to the Spider Nest.
 12248 | Lair:4   | Reached skill level 8 in Shields
 12276 | Lair:4   | Found a dark tunnel.
 12287 | Volcano  | Entered a volcano
 12306 | Volcano  | Found a burning altar of Makhleb.
 12307 | Volcano  | XOM: summons friendly shadow imp
 12321 | Volcano  | XOM: enchant monster (good)
 12328 | Volcano  | XOM: smoke on damage
 12329 | Volcano  | XOM: divination: magic mapping
 12434 | Volcano  | XOM: mild Ice miscast
 12707 | Lair:4   | XOM: harmless Air miscast
 12716 | Lair:4   | Reached skill level 9 in Armour
 12716 | Lair:4   | Reached skill level 8 in Dodging
 12743 | Lair:4   | XOM: summons 4 hostile shadow creatures
 12884 | Lair:4   | XOM: torment (64/125 hp)
 12884 | Lair:4   | HP: 53/125 [five-headed hydra (11)]
 12980 | Lair:4   | XOM: summons 2 hostile shadow creatures
 13300 | Lair:4   | XOM: give mutation
 13300 | Lair:4   | Lost mutation: Your movements are slightly less encumbered by armour. (ER -2) [Xom's mischief]
 13364 | Lair:4   | XOM: give mutations
 13364 | Lair:4   | Gained mutation: Your body sometimes deteriorates upon taking damage. [Xom's mischief]
 13364 | Lair:4   | Lost mutation: Scrolls take you a little longer to read. [Xom's mischief]
 13531 | Lair:5   | XOM: give mutations
 13531 | Lair:5   | Gained mutation: You evolve. [Xom's grace]
 13531 | Lair:5   | Gained mutation: You can translocate small distances at will. [Xom's grace]
 13531 | Lair:5   | Gained mutation: You are resistant to electric shocks. (rElec) [Xom's grace]
 13679 | Lair:5   | Noticed Rupert
 13680 | Lair:5   | XOM: fog
 13687 | Lair:5   | Noticed Urug
 13688 | Lair:5   | XOM: confuse monster(s)
 13695 | Lair:5   | Killed Rupert
 13695 | Lair:5   | Reached skill level 9 in Shields
 13703 | Lair:5   | Killed Urug
 13769 | Lair:5   | Gained mutation: Your system is resistant to poisons. (rPois) [evolution]
 13828 | Lair:5   | XOM: polymorph yak -> hog
 13831 | Lair:5   | XOM: cast spell 'Call Canine Familiar'
 14012 | Lair:5   | XOM: severe Chrm miscast
 14061 | Lair:5   | XOM: give mutations
 14061 | Lair:5   | Gained mutation: You are frail. (-10% HP) [Xom's mischief]
 14061 | Lair:5   | Lost mutation: Your spells are harder to cast, but more powerful. [Xom's mischief]
 14061 | Lair:5   | Lost mutation: Your spells are a little harder to cast, but a little more powerful. [Xom's mischief]
 14181 | Lair:5   | Found a viscous altar of Jiyva.
 14181 | Lair:5   | Found a staircase to the Slime Pits.
 14202 | Lair:5   | XOM: mild Conj miscast
 14306 | Lair:6   | Entered Level 6 of the Lair of Beasts
 14306 | Lair:6   | XOM: potion effect (might)
 14428 | Lair:6   | XOM: harmless Tmut miscast
 14437 | Lair:6   | Reached skill level 10 in Armour
 14441 | Lair:6   | Reached skill level 9 in Dodging
 14442 | Lair:6   | Reached XP level 14. HP: 119/119 MP: 13/13
 14479 | Lair:6   | XOM: potion effect (agility)
 14548 | Lair:6   | Reached skill level 15 in Fighting
 14629 | Lair:6   | XOM: divination: detect creatures
 14687 | Lair:6   | XOM: potion effect (agility)
 14696 | Lair:6   | XOM: blink monster(s)
 14711 | Lair:6   | Reached skill level 10 in Shields
 14724 | Lair:6   | XOM: enchant monster (good)
 14915 | Lair:6   | XOM: enchant monster (good)
 14975 | Lair:6   | XOM: scenery: 1 doors open, 2 doors close
 15005 | Lair:6   | Found a burning altar of Makhleb.
 15078 | Lair:6   | Found a gateway to Hell.
 15079 | Lair:6   | Got a slimy bone ring
 15586 | D:12     | Reached skill level 10 in Dodging
 15621 | D:12     | Reached skill level 11 in Armour
 15714 | D:12     | Identified the ring of Semor {Fire rPois} (You took it off a red devil on level 6 of the Lair of Beasts)
 16180 | D:12     | Gained mutation: You have a pair of large horns on your head. [evolution]
 16639 | D:13     | XOM: divination: detect items
 16673 | D:13     | Reached skill level 11 in Shields
 16727 | D:13     | XOM: destruction
 16729 | D:13     | Noticed Azrael
 16733 | D:13     | XOM: scenery: 1 doors close
 16747 | D:13     | Killed Azrael
 16761 | D:13     | XOM: confuse monster(s)
 16764 | D:13     | XOM: destruction
 16773 | D:13     | XOM: polymorph yaktaur -> orb spider
 16780 | D:13     | XOM: confuse monster(s)
 16794 | D:13     | XOM: 8-stop teleportation journey
 16836 | D:13     | XOM: cast spell 'Summon Horrible Things'
 16885 | D:13     | XOM: scenery: 1 doors close
 16939 | D:13     | XOM: scenery: 2 doors open
 16976 | D:13     | Found a gate to the Vaults.
 17241 | D:13     | XOM: destruction
 17276 | D:13     | XOM: fake destruction
 17285 | D:13     | Reached skill level 16 in Fighting
 17293 | D:13     | Learned a level 3 spell: Regeneration
 17298 | D:13     | Learned a level 4 spell: Control Undead
 17558 | D:14     | XOM: 2-stop teleportation journey
 17568 | D:14     | XOM: give mutation
 17568 | D:14     | Gained mutation: You have large cloven feet. [Xom's grace]
 17640 | D:14     | XOM: give mutations
 17640 | D:14     | Gained mutation: You rapidly evolve. [Xom's mischief]
 17640 | D:14     | Lost mutation: Your system is resistant to poisons. (rPois) [Xom's mischief]
 17640 | D:14     | Lost mutation: You are very weak. (Str -4) [Xom's mischief]
 17640 | D:14     | Lost mutation: You are partially covered in yellow scales. (AC +2) [Xom's mischief]
 17739 | D:14     | XOM: give mutation
 17739 | D:14     | Gained mutation: Your flesh is heat resistant. (rF+) [Xom's grace]
 17955 | D:14     | Reached XP level 15. HP: 129/129 MP: 14/14
 17991 | D:14     | XOM: god gift: 5 meat rations {god gift}
 18106 | D:14     | Found a runed door.
 18107 | D:14     | XOM: cast spell 'Shadow Creatures'
 18111 | D:14     | Reached skill level 12 in Armour
 18111 | D:14     | Reached skill level 11 in Dodging
 18151 | D:14     | XOM: harmless Tmut miscast
 18162 | D:14     | XOM: divination: detect creatures
 18255 | D:14     | Learned a level 2 spell: Swiftness
 18258 | D:14     | Learned a level 2 spell: Passwall
 18292 | D:14     | XOM: summons 10 friendly demons
 18295 | D:14     | XOM: divination: detect creatures
 18303 | D:14     | Reached skill level 12 in Shields
 18555 | D:15     | Entered Level 15 of the Dungeon
 18583 | D:15     | Noticed Sonja
 18599 | D:15     | XOM: cast spell 'Call Canine Familiar'
 18601 | D:15     | XOM: god gift: phial of floods {god gift}
 18603 | D:15     | Killed Sonja
 18621 | D:15     | XOM: cast spell 'Discord'
 18623 | D:15     | HP: 95/195 [orc knight/enchanted battleaxe (17)]
 18638 | D:15     | XOM: cloud trail
 18742 | D:15     | Gained mutation: Your spells are a little harder to cast, but a little more powerful. [evolution]
 18742 | D:15     | Lost mutation: You rapidly evolve. [decline of evolution]
 19183 | D:15     | Found a staircase to the Depths.
 19534 | Orc:2    | Entered Level 2 of the Orcish Mines
 19597 | Orc:2    | XOM: divination: detect creatures
 19713 | Orc:2    | Found Xyoz Pui's Jewellery Boutique.
 19724 | Orc:2    | XOM: fog
 19776 | Orc:2    | XOM: divination: detect creatures
 19808 | Orc:2    | XOM: fog
 19812 | Orc:2    | Paralysed by an orc sorcerer for 7 turns
 19813 | Orc:2    | XOM: noise
 19815 | Orc:2    | HP: 62/131 [orc knight/bolt (8)]
 19817 | Orc:2    | HP: 25/131 [orc priest/divine providence (16)]
 19818 | Orc:2    | HP: 7/131 [orc warrior/tomahawk (17)]
 19818 | Orc:2    | HP: 1/131 [orc priest (6)]
 19818 | Orc:2    | Slain by an orc sorcerer

Vanquished Creatures
  Rupert (Lair:5)
  Azrael (D:13)
  An ettin (D:14)
  A fire dragon (D:15)
  An ice dragon (D:15)
  A catoblepas (D:14)
  Erica (D:8)
  5 hydras
  4 centaur warriors
  3 death yaks (Lair:6)
  The ghost of kal9871 the Archer, a novice CeHu of Okawaru (D:9)
  3 two-headed ogres
  A death knight (D:15)
  Urug (Lair:5)
  Nergalle (Lair:1)
  Sonja (D:15)
  3 orc high priests (Orc:2)
  A deep elf knight (D:14)
  A hell knight (Volcano)
  2 skeletal warriors
  4 unseen horrors
  A lindwurm (Lair:6)
  A wizard (Lair:6)
  A harpy (shapeshifter) (D:14)
  4 orc knights
  A phantasmal warrior (D:14)
  5 orc sorcerers
  An orb spider (D:13)
  5 ugly things
  A deep elf mage (D:9)
  A manticore (D:10)
  3 cyclopes
  4 black mambas
  A torpor snail (Lair:6)
  2 orange demons (Lair:6)
  18 spiny frogs
  An efreet (D:13)
  2 gargoyles
  A kobold demonologist (D:13)
  5 rime drakes
  A spiny frog (shapeshifter) (D:13)
  6 yaktaurs
  A freezing wraith (D:15)
  2 ice devils (Lair:6)
  A hellwing (Lair:6)
  5 komodo dragons
  A polar bear (Lair:2)
  7 trolls
  3 meliai (D:14)
  A jumping spider (Lair:2)
  16 blink frogs
  12 slime creatures
  A dream sheep (Lair:6)
  13 hippogriffs
  A meliai zombie (D:14)
  A shadow (D:11)
  A wraith (D:13)
  A redback (Lair:3)
  3 fire bats (Lair:4)
  4 fire elementals (D:13)
  6 basilisks
  A spriggan (Lair:3)
  2 vampires
  66 yaks
  A hog (Lair:5)
  4 wyverns
  2 steam dragons
  A hungry ghost (D:12)
  Menkaure (D:4)
  An acid dragon (D:11)
  8 hell hounds
  17 water moccasins
  14 porcupines
  15 orc warriors
  A swamp drake (Lair:3)
  2 ice beasts
  6 sky beasts
  4 black bears
  2 necrophages
  2 eyes of draining
  3 phantoms
  7 wolves (Lair:2)
  7 ogres
  12 crocodiles
  21 centaurs
  5 big kobolds
  Blork the orc (D:4)
  A gnoll sergeant (D:8)
  16 bullfrogs
  A wyvern zombie (D:5)
  5 scorpions
  7 killer bees
  3 wights (D:11)
  4 electric eels
  4 howler monkeys
  9 crimson imps
  A quasit (D:6)
  7 bullfrog zombies
  4 hounds
  4 jellies
  5 lava snakes (D:9)
  8 centaur zombies
  16 orc priests
  5 bullfrog skeletons
  30 orc wizards
  5 centaur skeletons
  Natasha (thrice) (D:4)
  5 iguanas
  4 killer bee zombies (Ossuary)
  11 worker ants
  3 hound zombies (Ossuary)
  3 hound skeletons
  11 mummies (Ossuary)
  2 howler monkey zombies (Ossuary)
  3 worker ant zombies (Ossuary)
  Robin (D:4)
  A howler monkey skeleton (D:11)
  3 gnolls
  7 adders
  A shadow imp (D:5)
  An ufetubus (D:5)
  4 adder zombies (Ossuary)
  2 worms
  3 dart slugs
  8 leopard geckos
  73 orcs
  10 bats
  5 giant cockroaches
  19 goblins
  13 hobgoblins
  14 jackals
  17 kobolds
  A quokka (shapeshifter) (D:3)
  4 quokkas
  2 ball pythons
  7 frilled lizards
  A giant cockroach zombie (Ossuary)
  4 leopard gecko zombies
  2 quokka skeletons
  A quokka zombie (D:5)
  18 rats
  3 plants
794 creatures vanquished.

Vanquished Creatures (collateral kills)
  An ice dragon (D:14)
  A sun demon (Lair:6)
  2 ugly things (D:14)
  A freezing wraith (D:15)
  A red devil (Lair:6)
  2 centaurs (D:15)
8 creatures vanquished.

Vanquished Creatures (others)
  A bullfrog skeleton (D:13)
  14 fungi
  11 plants
  A withered plant (Ossuary)
27 creatures vanquished.

Grand Total: 829 creatures vanquished
